 Dungeon Crawl Stone Soup version 0.18.1-48-g4cf74bf (console) character file.

3334 Kloppie the Fighter (level 9, -1/85 HPs)
             Began as a Minotaur Abyssal Knight on July 6, 2016.
             Was an Elder of Lugonu.
             Slain by a giant frog (7 damage)
             ... on level 7 of the Dungeon.
             The game lasted 00:11:02 (7517 turns).

Kloppie the Fighter (Minotaur Abyssal Knight)       Turns: 7517, Time: 00:11:02

Health: -1/85      AC:  8    Str: 17    XL:     9   Next: 72%
Magic:  9/9        EV: 11    Int:  7    God:    Lugonu [****..]
Gold:   341        SH:  0    Dex: 20    Spells: 0 memorised, 8 levels left

rFire  + + .     SeeInvis .     a - +0 trident (curse)
rCold  . . .     Gourm    .     x - +0 ring mail of Death's Door {rF++ Int-2 Dex+7}
rNeg   . . .     Faith    .     (no shield)
rPois  .         Spirit   .     (helmet restricted)
rElec  .         Dismiss  .     r - +0 cloak
rCorr  .         Reflect  .     (no gloves)
SustAt .         Harm     .     (no boots)
MR     .....                    (no amulet)
Stlth  +.........               (no ring)
                                (no ring)

@: lethally poisoned (-1 -> -1), not resistant to hostile enchantments, very
unstealthy
A: retaliatory headbutt, horns 2
a: Depart the Abyss, Bend Space, Banish, Corrupt, Renounce Religion


You were on level 7 of the Dungeon.
You worshipped Lugonu.
Lugonu was greatly pleased with you.
You were not hungry.

You visited 1 branch of the dungeon, and saw 8 of its levels.
You visited the Abyss 1 time.

You collected 461 gold pieces.
You spent 120 gold pieces at shops.

Inventory:

Hand Weapons
 a - a cursed +0 trident (weapon)
 v - a +1 halberd of freezing
 D - a +1 spear
Armour
 r - a +0 cloak (worn)
 x - the +0 ring mail of Death's Door (worn) {rF++ Int-2 Dex+7}
   (You found it on level 5 of the Dungeon)

   It affects your intelligence (-2).
   It affects your dexterity (+7).
   It greatly protects you from fire.
Jewellery
 j - an uncursed ring of fire
Wands
 k - a wand of iceblast (5/15)
 y - a wand of polymorph (13/24)
 z - a wand of paralysis (6/24)
 C - a wand of paralysis (14/24)
Scrolls
 d - a scroll of magic mapping
 p - a scroll of holy word
 q - 4 scrolls of enchant armour
 u - a scroll of fog
Potions
 i - 2 potions of brilliance
 m - a potion of haste
 n - a potion of cancellation
 s - 2 potions of flight {unknown}
 w - 2 potions of mutation {unknown}
 E - 2 potions of lignification {unknown}
Books
 e - a book of Necromancy

   Spells                             Type                      Level
   a - Pain                           Necromancy                   1
   b - Animate Skeleton               Necromancy                   1
   c - Vampiric Draining              Necromancy                   3
   d - Regeneration                   Charms/Necromancy            3
   e - Animate Dead                   Necromancy                   4
   f - Control Undead                 Necromancy                   4
 t - a book of the Dragon

   Spells                             Type                      Level
   a - Flame Tongue                   Conjuration/Fire             1
   b - Cause Fear                     Hexes                        4
   c - Bolt of Fire                   Conjuration/Fire             6
   d - Dragon Form                    Transmutation                7
   e - Dragon's Call                  Summoning                    9
Comestibles
 b - 2 beef jerkies
 c - 5 bread rations
 f - 2 meat rations
 B - a slice of pizza


   Skills:
 + Level 10.0 Fighting
 + Level 10.0 Polearms
 + Level 9.8 Armour
 - Level 1.1 Dodging
 - Level 1.7 Invocations


You had 8 spell levels left.
You didn't know any spells.

Dungeon Overview and Level Annotations

Branches:
Dungeon (8/15)             Temple (0/1) D:7
   Lair: D:8-11

Altars:
Ashenzari
Cheibriados
Okawaru
Pakellas
Trog

Shops:
D:4 *   D:7 (


Innate Abilities, Weirdness & Mutations

You reflexively headbutt those who attack you in melee.
You have a pair of horns on your head.


Message History

You feel sick.
The giant frog gives a loud, deep croak!
The giant frog hits you but does no damage.
You barely miss the giant frog.
The quokka bites you but does no damage.
The giant frog hits you.
* * * LOW HITPOINT WARNING * * *
You hit the giant frog but do no damage.
The quokka bites you.
* * * LOW HITPOINT WARNING * * *
The giant frog hits you.
* * * LOW HITPOINT WARNING * * *
You puncture the giant frog!
The giant frog is heavily wounded.
The giant frog misses you.
The quokka bites you but does no damage.
You hit the giant frog.
The giant frog is severely wounded.
You feel sick. The giant frog hits you!
You die...

.##.#.#####.....#...## #.###
.#.##.# ##...###### #...#
..###.######..## ###.# .##
#.........# #.# .#
#########.# #.# .# ##'## #.#
.# ##...## #.# .####
##....F## ####.# ....##
##......@## ##.##.#
##...####.......r.####...#.#
........'....(....'........#
##...####.........####...#.#
##.## ##.......## ##.##.#
#..# ##.....## ####.# ##.#
##..(## #.# #.# ##(## #†#
#.# #.###### #>#


You could see a giant frog and a quokka.

Vanquished Creatures
  The ghost of Anmu the Blocker, a journeyman FoFi of Okawaru (D:8)
  3 ice beasts
  A phantom (D:4)
  The ghost of Kloppie the Skirmisher, an amateur MiAK of Lugonu (D:3)
  A black bear (D:8)
  An ogre (D:5)
  3 centaurs
  3 big kobolds
  4 giant frogs
  2 scorpions (D:7)
  A wyvern skeleton (D:7)
  2 killer bees
  9 wights
  3 crimson imps
  A centaur zombie (D:5)
  An orc wizard (D:5)
  A quasit (D:4)
  A hound (D:7)
  A jelly (D:7)
  2 iguanas (D:4)
  5 worker ants
  A hound skeleton (D:5)
  Robin (D:2)
  A mummy (D:7)
  10 gnolls
  8 adders
  2 oozes (D:1)
  An adder skeleton (D:7)
  3 worms
  A dart slug (D:1)
  2 giant geckos (D:4)
  7 orcs
  A ball python (D:4)
  7 bats
  4 giant cockroaches
  8 hobgoblins
  17 jackals
  22 kobolds
  3 quokkas
  A giant gecko zombie (D:5)
  3 giant newts
  15 goblins
  A jackal skeleton (D:3)
  A quokka skeleton (D:5)
  6 rats
173 creatures vanquished.

Notes
Turn   | Place    | Note
--------------------------------------------------------------
     0 | Abyss:1  | Kloppie the Minotaur Abyssal Knight began the quest for the Orb.
     0 | Abyss:1  | Reached XP level 1. HP: 19/19 MP: 1/1
     0 | D:1      | Escaped the Abyss
   145 | D:1      | Reached XP level 2. HP: 22/27 MP: 2/2
   563 | D:1      | Reached XP level 3. HP: 33/33 MP: 3/3
   727 | D:2      | Reached * piety under Lugonu
   908 | D:2      | Noticed Robin
   925 | D:2      | Killed Robin
  1316 | D:2      | Reached XP level 4. HP: 40/41 MP: 4/4
  1560 | D:2      | Reached skill level 5 in Fighting
  1560 | D:2      | Reached XP level 5. HP: 13/48 MP: 5/5
  1850 | D:3      | Reached ** piety under Lugonu
  1860 | D:3      | Noticed Kloppie's ghost (amateur MiAK)
  2144 | D:3      | Reached XP level 6. HP: 56/56 MP: 6/6
  2243 | D:3      | Found a shattered altar of Ashenzari.
  2380 | D:3      | Killed Kloppie's ghost
  2380 | D:3      | Reached skill level 5 in Polearms
  2380 | D:3      | Reached skill level 5 in Armour
  2781 | D:4      | Found Vuicus's General Store.
  2796 | D:4      | Bought a scroll of holy word for 75 gold pieces
  2796 | D:4      | Bought a +0 cloak for 45 gold pieces
  2830 | D:4      | Reached XP level 7. HP: 59/63 MP: 7/7
  2921 | D:4      | Found an iron altar of Okawaru.
  2924 | D:4      | Reached *** piety under Lugonu
  3368 | D:5      | Entered Level 5 of the Dungeon
  3489 | D:5      | Got a twisted ring mail
  3601 | D:5      | Reached XP level 8. HP: 35/73 MP: 8/8
  4877 | D:6      | Identified the +0 ring mail of Death's Door {rF++ Int-2 Dex+7} (You found it on level 5 of the Dungeon)
  5261 | D:7      | Found a bloodstained altar of Trog.
  5304 | D:7      | Found a staircase to the Ecumenical Temple.
  5313 | D:7      | Reached **** piety under Lugonu
  5537 | D:7      | Found Emed's Antique Weapon Boutique.
  6077 | D:7      | Reached XP level 9. HP: 80/82 MP: 9/9
  6187 | D:7      | Found a snail-covered altar of Cheibriados.
  6237 | D:7      | Found an oddly glowing altar of Pakellas.
  6806 | D:8      | Noticed Anmu's ghost (journeyman FoFi)
  7295 | D:8      | Killed Anmu's ghost
  7476 | D:8      | Reached skill level 10 in Fighting
  7490 | D:8      | Reached skill level 10 in Polearms
  7498 | D:7      | HP: 4/85 [poisoned by a killer bee]
  7517 | D:7      | Slain by a giant frog

Skill      XL: |  1  2  3  4  5  6  7  8  9 |
---------------+----------------------------+-----
Fighting       | 4 5 6 7 8 10 | 10.0
Polearms       | 3 4 5 6 8 10 | 10.0
Armour         | 3 4 5 6 8 9 |  9.8
Dodging        | |  1.1
Invocations    | |  1.7

Action                   |  1- 3 |  4- 6 |  7- 9 || total
-------------------------+-------+-------+-------++-------
Melee: Spear             |   115 |   188 |   336 ||   639
       Headbutt          |    12 |    37 |    87 ||   136
       Trident           |       |       |   130 ||   130
Invok: Depart the Abyss  |     1 |       |       ||     1
  Use: Scroll            |       |    10 |    11 ||    21
       Potion            |       |       |     4 ||     4
  Eat: Chunk             |     1 |     6 |    13 ||    20
       Meat ration       |       |       |     1 ||     1
Armor: Leather armour    |     5 |       |    21 ||    26
       Ring mail         |     8 |       |    65 ||    73
       Chain mail        |    23 |    79 |    32 ||   134
Dodge: Dodged            |    36 |    55 |   188 ||   279
